[Event "Titled Tuesday Blitz September 27 Early 2022"]
[White "Tari, Aryan"]
[Black "Barria Zuniga, Daniel"]
[WhiteFideId "1510045"]
[BlackFideId "3400816"]
[WhiteElo "2612"]
[BlackElo "2414"]
[Result "0-1"]
[Round "04"]
[TimeControl "180+1"]
[Date "2022.09.27"]
[WhiteClock "0:00:03"]
[BlackClock "0:00:42"]

1. Nf3 d5 2. d4 e6 3. c4 Nf6 4. g3 Be7 5. Bg2 O-O 6. Nc3 dxc4 7. Ne5 c6 8. a4 a5 9. O-O Na6 10. Nxc4 Nb4 11. e4 b6 12. Re1 Ba6 13. b3 Rc8 14. Bf4 Re8 15. Rc1 h6 16. h4 Bf8 17. Qd2 b5 18. Ne5 Qb6 19. Be3 Qb8 20. g4 Red8 21. g5 hxg5 22. hxg5 Nd7 23. Nxd7 Rxd7 24. e5 Rcd8 25. Be4 c5 26. Nxb5 Bxb5 27. axb5 cxd4 28. Bf4 Qxb5 29. g6 d3 30. Kg2 Nd5 31. Rh1 Bb4 32. Rc3 Bxc3 33. Qc1 d2 34. Rh8+ Kxh8 35. Qh1+ Kg8 36. Qh7+ Kf8 37. Bg5 Qf1+ 38. Kxf1 d1=Q+ 39. Kg2 Qg4+ 40. Kf1 Qxg5 0-1


[Site "https://www.chess.com"]

[Event "Titled Tuesday Blitz September 27 Early 2022"]
[White "Tasev, Dejan"]
[Black "Azaladze, Shota"]
[WhiteFideId "936618"]
[BlackFideId "13603027"]
[WhiteElo "2256"]
[BlackElo "2439"]
[Result "0-1"]
[Round "04"]
[TimeControl "180+1"]
[Date "2022.09.27"]
[WhiteClock "0:00:04"]
[BlackClock "0:01:10"]

1. e4 g6 2. d4 Bg7 3. Nc3 c6 4. Nf3 d6 5. Be3 Nf6 6. h3 O-O 7. Qd2 b5 8. a3 a5 9. Bd3 Qc7 10. Bh6 e5 11. Bxg7 Kxg7 12. O-O Bb7 13. Ne2 Nbd7 14. c3 Rfe8 15. Ng3 h6 16. Nh4 Ng8 17. f4 exd4 18. f5 dxc3 19. Qxc3+ Ne5 20. fxg6 fxg6 21. Kh2 Rf8 22. Bxb5 Qe7 23. Nxg6 Kxg6 24. Nf5 Rxf5 25. exf5+ Kg7 26. f6+ Nxf6 27. Qg3+ Kh8 28. Bd3 c5 29. Qf4 Ng8 30. Be4 Ng4+ 31. Qxg4 Bxe4 32. Rae1 d5 33. Rf3 Qd6+ 34. Rg3 Qe5 35. b4 axb4 36. axb4 cxb4 37. Rf1 h5 38. Qh4 Ra3 39. Rf3 Bxf3 40. Qxb4 Ra2 41. Kh1 Qxg3 42. Qd4+ Qg7 0-1


[Site "https://www.chess.com"]

[Event "Titled Tuesday Blitz September 27 Early 2022"]
[White "Terzi, Alexei"]
[Black "Sethuraman, S.P."]
[WhiteFideId "13505076"]
[BlackFideId "5021596"]
[WhiteElo "2031"]
[BlackElo "2425"]
[Result "0-1"]
[Round "04"]
[TimeControl "180+1"]
[Date "2022.09.27"]
[WhiteClock "0:00:10"]
[BlackClock "0:00:08"]

1. e4 c5 2. Nc3 Nc6 3. Bb5 Nd4 4. Nf3 e6 5. Nxd4 cxd4 6. Ne2 Qg5 7. Nxd4 Qc5 8. c3 e5 9. b4 Qb6 10. O-O exd4 11. Bc4 Nf6 12. e5 d5 13. exd6 Bxd6 14. Re1+ Kf8 15. h3 Bd7 16. Qb3 Re8 17. Bb2 dxc3 18. Rxe8+ Bxe8 19. Qxc3 Qxb4 20. Qc2 Ba4 21. Qc1 Bc6 22. a3 Qc5 23. Qf1 h5 24. Re1 Rh6 25. Re3 Rg6 26. g3 h4 27. Kh2 hxg3+ 28. fxg3 Kg8 29. Qf2 Bxg3+ 30. Qxg3 Rxg3 31. Rxg3 Qxc4 32. Bxf6 Qe2+ 33. Kg1 Qe1+ 34. Kh2 Qf2+ 35. Rg2 Qxg2# 0-1


[Site "https://www.chess.com"]

[Event "Titled Tuesday Blitz September 27 Early 2022"]
[White "Thiel, Thomas"]
[Black "Thorhallsson, Simon"]
[WhiteFideId "4615964"]
[BlackFideId "2310090"]
[WhiteElo "2195"]
[BlackElo "2137"]
[Result "1-0"]
[Round "04"]
[TimeControl "180+1"]
[Date "2022.09.27"]
[WhiteClock "0:02:00"]
[BlackClock "0:01:05"]

1. e4 c5 2. Nc3 a6 3. Nge2 b5 4. g3 Bb7 5. Bg2 e6 6. d4 cxd4 7. Nxd4 Nf6 8. O-O b4 9. Na4 Bxe4 10. Bxe4 Nxe4 11. c4 Nc5 12. Bf4 Nc6 13. Nxc6 dxc6 14. Qf3 Rc8 15. Rad1 Qa5 16. Nxc5 Bxc5 17. Qg4 O-O 18. Bh6 g6 19. Bxf8 Bxf8 20. b3 Qxa2 21. Qf3 Bg7 22. Rd7 Rf8 23. Rfd1 a5 24. Rb7 c5 25. Rdd7 Qb1+ 26. Kg2 Qf5 27. Qxf5 exf5 28. Ra7 Re8 29. Rxf7 Bd4 30. Rfb7 1-0


[Site "https://www.chess.com"]

[Event "Titled Tuesday Blitz September 27 Early 2022"]
[White "Timofeev, Artyom"]
[Black "Malek, Jan"]
[WhiteFideId "4140419"]
[BlackFideId "21864080"]
[WhiteElo "2579"]
[BlackElo "2172"]
[Result "1-0"]
[Round "04"]
[TimeControl "180+1"]
[Date "2022.09.27"]
[WhiteClock "0:00:08"]
[BlackClock "0:00:03"]

1. e4 e5 2. Nf3 Nc6 3. Bb5 a6 4. Ba4 Nf6 5. d3 b5 6. Bb3 Bc5 7. O-O d6 8. c3 O-O 9. h3 Bb6 10. Nbd2 Ne7 11. Re1 Ng6 12. Nf1 c5 13. Ng3 Be6 14. Be3 c4 15. Bc2 Bxe3 16. Rxe3 cxd3 17. Bxd3 Nf4 18. Bf1 Qb6 19. Ne2 Nxe2+ 20. Bxe2 h6 21. Qe1 Rfd8 22. a3 a5 23. Rd1 Bb3 24. Rd2 Rac8 25. Bd1 Be6 26. Bc2 b4 27. cxb4 axb4 28. Kh2 Nd7 29. Bb3 bxa3 30. Bxe6 axb2 31. Ba2 Rc1 32. Rd1 Rdc8 33. Rb3 Rxd1 34. Qxd1 Qxf2 35. Qe1 Rc2 36. Qxf2 Rxf2 37. Kg3 Rc2 38. Ne1 Re2 39. Nd3 Rxe4 40. Nxb2 Rf4 41. Nd3 Rf6 42. Rb7 Nf8 43. Nb4 g5 44. Nd5 Rf1 45. Ne3 Rf4 46. Kh2 Kg7 47. Bd5 Rf6 48. g4 Rf4 49. Nf5+ Kh8 50. Rxf7 Ng6 51. Kg3 Ra4 52. Rd7 Ra3+ 53. Kf2 Nf4 54. Rd8+ Kh7 55. Bg8+ Kg6 56. Rxd6+ 1-0


[Site "https://www.chess.com"]

[Event "Titled Tuesday Blitz September 27 Early 2022"]
[White "Tologon tegin, Semetei"]
[Black "Zilleruelo Irizarry, Diego"]
[WhiteFideId "13800574"]
[BlackFideId "3101460"]
[WhiteElo "2174"]
[BlackElo "1998"]
[Result "0-1"]
[Round "04"]
[TimeControl "180+1"]
[Date "2022.09.27"]
[WhiteClock "0:00:31"]
[BlackClock "0:00:52"]

1. Nf3 d5 2. g3 Nf6 3. Bg2 e6 4. b3 Be7 5. Bb2 O-O 6. c4 c6 7. O-O b6 8. d4 Bb7 9. Nc3 Nbd7 10. e3 Rc8 11. Qe2 Qc7 12. Rac1 Qb8 13. Rfd1 Rfd8 14. e4 Nxe4 15. Nxe4 dxe4 16. Qxe4 c5 17. Qe3 Bf6 18. Ne5 Bxg2 19. Nxd7 Rxd7 20. Kxg2 Rcd8 21. Rd3 cxd4 22. Qe4 Qb7 23. Qxb7 Rxb7 24. f4 Rbd7 25. Rcd1 h5 26. Re1 g6 27. Kf3 Kf8 28. Ke4 Bg7 29. Red1 f5+ 30. Kf3 e5 31. fxe5 Bxe5 32. Ba3+ Kf7 33. c5 bxc5 34. Bxc5 h4 35. b4 hxg3 36. hxg3 g5 37. g4 Kf6 38. gxf5 Kxf5 39. a4 a6 40. Rg1 Rh8 41. Ke2 Rh2+ 42. Kd1 Ke4 43. Rb3 Bf4 44. Re1+ Kd5 45. Re2 Rh1+ 46. Kc2 Kc4 47. Rd3 Rc1+ 48. Kb2 Kxd3 0-1


[Site "https://www.chess.com"]

[Event "Titled Tuesday Blitz September 27 Early 2022"]
[White "Tomaszewski, Kacper"]
[Black "Levitskiy, Andrey"]
[WhiteFideId "1127373"]
[BlackFideId "14132885"]
[WhiteElo "2133"]
[BlackElo "2303"]
[Result "1-0"]
[Round "04"]
[TimeControl "180+1"]
[Date "2022.09.27"]
[WhiteClock "0:00:05"]
[BlackClock "0:00:01"]

1. d4 Nf6 2. c4 e6 3. Nc3 Bb4 4. Bf4 c5 5. e3 d5 6. Nf3 Ne4 7. Qc2 Qa5 8. Bd3 Nxc3 9. O-O cxd4 10. a3 Be7 11. bxc3 Qxc3 12. Qxc3 dxc3 13. cxd5 exd5 14. Rfc1 Nc6 15. Nd4 Nxd4 16. exd4 Be6 17. Rxc3 O-O 18. Rc7 Bf6 19. Rxb7 Bxd4 20. Rd1 Bb6 21. h3 h6 22. Bb5 Rfd8 23. a4 Rac8 24. Bd2 Rc2 25. a5 Bc5 26. Be3 Bxe3 27. fxe3 a6 28. Bxa6 Ra2 29. Rb5 Ra8 30. Bb7 R8xa5 31. Rxa5 Rxa5 32. e4 dxe4 33. Bxe4 g6 34. Bf3 Ra2 35. Re1 Rb2 36. Re2 Rb1+ 37. Kf2 Rb6 38. Rd2 Kg7 39. Rc2 h5 40. Rd2 Rb4 41. Rc2 Kf6 42. Rd2 Rb6 43. Rc2 Rd6 44. Re2 Bf5 45. Rb2 Rd3 46. Rb6+ Kg7 47. Rb2 Ra3 48. Rd2 h4 49. Rb2 Be6 50. Rd2 Ra5 51. Rd4 g5 52. Rd2 f5 53. Rb2 Kf6 54. Rb6 Ra2+ 55. Kg1 Ke5 56. Rb5+ Kf4 57. Rb1 Kg3 58. Re1 Bc4 59. Bb7 g4 60. hxg4 fxg4 61. Re3+ Kf4 62. Re4+ Kf5 63. Rxc4 Ra1+ 64. Kf2 Ra2+ 65. Ke3 Ra3+ 66. Kd4 Ra2 67. Rc5+ Kf4 68. Rc8 Rd2+ 69. Kc3 Rd7 70. Rf8+ Kg3 71. Be4 Re7 72. Kd4 h3 73. gxh3 Kxh3 74. Rh8+ Kg3 75. Rg8 Rd7+ 76. Ke5 Re7+ 77. Kf5 Kf2 78. Rxg4 Rf7+ 79. Ke6 Rf8 80. Rg5 Ke3 81. Bf5 Re8+ 82. Kf7 Rb8 83. Rg1 Kf4 84. Be6 Ke5 85. Re1+ Kd6 86. Rd1+ Ke5 87. Rd5+ Kf4 88. Ra5 Rb7+ 89. Kf6 Rb8 90. Ra4+ Ke3 91. Bf5 Rf8+ 92. Ke5 Re8+ 93. Be6 Kf3 94. Ra3+ Ke2 95. Kf5 Kd2 96. Bd5 Kc2 97. Be4+ Kd2 98. Rg3 Ke2 99. Kf4 Rf8+ 100. Bf5 Kf2 101. Ra3 Ke2 102. Ra2+ Kd1 103. Ke4 Rf7 104. Bg4+ Kc1 105. Kd3 Rf4 106. Bd7 Rf6 107. Rc2+ Kb1 108. Rc7 Rd6+ 109. Kc3 Ka2 110. Bf5 Rd5 111. Ra7+ Ra5 112. Rxa5# 1-0


[Site "https://www.chess.com"]

[Event "Titled Tuesday Blitz September 27 Early 2022"]
[White "Torres Boch, Jose Francisco"]
[Black "Matveeva, Olga"]
[WhiteFideId "2278383"]
[BlackFideId "24107018"]
[WhiteElo "2088"]
[BlackElo "2056"]
[Result "1-0"]
[Round "04"]
[TimeControl "180+1"]
[Date "2022.09.27"]
[WhiteClock "0:00:32"]
[BlackClock "0:00:43"]

1. e4 e6 2. d4 d5 3. Nc3 Nf6 4. e5 Nfd7 5. f4 c5 6. Nf3 Nc6 7. Be3 cxd4 8. Nxd4 Bc5 9. Qd2 O-O 10. O-O-O a6 11. Qf2 Bxd4 12. Bxd4 b5 13. Be3 b4 14. Na4 a5 15. h4 Ba6 16. h5 Qc7 17. h6 g6 18. g4 Rfc8 19. Kb1 Bxf1 20. Rhxf1 Na7 21. Nb6 Nxb6 22. Bxb6 Qc6 23. Bxa7 a4 24. Bd4 b3 25. cxb3 axb3 26. a3 Qc2+ 27. Ka1 Qe4 28. Rc1 Rc4 29. Rxc4 dxc4 30. Re1 Qd3 31. Qe3 Qc2 32. Bc5 Qg2 33. Qe4 Qxe4 34. Rxe4 Rd8 35. Rd4 1-0


[Site "https://www.chess.com"]

[Event "Titled Tuesday Blitz September 27 Early 2022"]
[White "Umarov, Sabir"]
[Black "Toncheva, Nadya"]
[WhiteFideId "14200538"]
[BlackFideId "2924056"]
[WhiteElo "2372"]
[BlackElo "1888"]
[Result "0-1"]
[Round "04"]
[TimeControl "180+1"]
[Date "2022.09.27"]
[WhiteClock "0:01:15"]
[BlackClock "0:02:24"]

1. e4 d5 2. exd5 Qxd5 3. Nf3 Qa5 4. Nc3 c6 5. h3 Nf6 6. Bc4 Bf5 7. O-O e6 8. d4 Nbd7 9. Re1 Bd6 10. Nh4 Bg6 11. Nxg6 hxg6 12. d5 cxd5 13. Nxd5 O-O 14. Nxf6+ Nxf6 15. c3 Rfd8 16. Qe2 Rac8 17. Bb3 Bb8 18. Bg5 Qxg5 0-1


[Site "https://www.chess.com"]

[Event "Titled Tuesday Blitz September 27 Early 2022"]
[White "Vignesh, N R"]
[Black "Kislov, Oleg"]
[WhiteFideId "25012215"]
[BlackFideId "13503774"]
[WhiteElo "2363"]
[BlackElo "2185"]
[Result "1-0"]
[Round "04"]
[TimeControl "180+1"]
[Date "2022.09.27"]
[WhiteClock "0:01:41"]
[BlackClock "0:00:11"]

1. Nf3 d5 2. g3 Nf6 3. Bg2 c5 4. O-O Nc6 5. d4 e6 6. c4 dxc4 7. dxc5 Qxd1 8. Rxd1 Bxc5 9. Nbd2 Bd7 10. Nxc4 Ke7 11. Nfe5 Rhd8 12. Bg5 Rac8 13. Rac1 Be8 14. Nxc6+ Bxc6 15. Rxd8 Kxd8 16. Bxc6 Rxc6 17. Na5 Bxf2+ 18. Kxf2 Rxc1 19. Bxc1 Kc7 20. Bf4+ Kb6 21. Nc4+ Kc5 22. Nd6 g5 23. Bxg5 Ng4+ 24. Kf3 Ne5+ 25. Ke4 Kxd6 26. Bf4 f6 27. g4 h6 28. h4 b5 29. Bxe5+ fxe5 30. g5 hxg5 31. hxg5 a5 32. g6 1-0


[Site "https://www.chess.com"]

[Event "Titled Tuesday Blitz September 27 Early 2022"]
[White "Vlassov, Nikolai"]
[Black "Oparin, Grigoriy"]
[WhiteFideId "4103360"]
[BlackFideId "24125890"]
[WhiteElo "2324"]
[BlackElo "2639"]
[Result "0-1"]
[Round "04"]
[TimeControl "180+1"]
[Date "2022.09.27"]
[WhiteClock "0:00:01"]
[BlackClock "0:00:16"]

1. e4 e5 2. Bc4 Nf6 3. d3 Nc6 4. Nf3 Bc5 5. Bg5 h6 6. Bh4 d6 7. Nc3 g5 8. Bg3 a6 9. Nd2 Qe7 10. h4 g4 11. h5 Nh7 12. Bh4 Qd7 13. Nd5 Na5 14. b4 Nxc4 15. Nxc4 Ba7 16. Qe2 b5 17. Nce3 c6 18. Nf6+ Nxf6 19. Bxf6 Rh7 20. Nf5 Qe6 21. Qxg4 Kf8 22. Qh4 Ke8 23. Ng7+ Rxg7 24. Bxg7 f5 25. Qf6 Qxf6 26. Bxf6 Kf7 27. Bh4 f4 28. f3 a5 29. bxa5 Bd4 30. Rc1 Rxa5 31. Bf2 Bc3+ 32. Ke2 Rxa2 33. g3 fxg3 34. Bxg3 Be6 35. f4 Bg4+ 36. Ke3 b4 37. fxe5 dxe5 38. Rhf1+ Ke6 39. Rf8 b3 40. Bh4 Rxc2 41. Rf6+ Kd7 42. Rf7+ Kc8 43. Rf8+ Kb7 44. Rxc2 bxc2 45. Rf1 Bd1 46. Rf7+ Ka6 0-1


[Site "https://www.chess.com"]

[Event "Titled Tuesday Blitz September 27 Early 2022"]
[White "Vogel, Roven"]
[Black "Kalashian, David"]
[WhiteFideId "12908088"]
[BlackFideId "13302418"]
[WhiteElo "2501"]
[BlackElo "2490"]
[Result "1-0"]
[Round "04"]
[TimeControl "180+1"]
[Date "2022.09.27"]
[WhiteClock "0:00:21"]
[BlackClock "0:00:05"]

1. d4 Nf6 2. Nc3 d5 3. Bf4 g6 4. e3 Bg7 5. Nf3 O-O 6. Nb5 Na6 7. h3 Ne4 8. Be2 c6 9. Na3 Nc7 10. O-O b5 11. c3 a5 12. Nb1 a4 13. Nbd2 a3 14. Qc1 axb2 15. Qxb2 Bf5 16. Ne5 Bxe5 17. Bxe5 f6 18. Bf4 g5 19. Bh2 Nd6 20. Nb3 Ne6 21. f3 Qb6 22. Bxd6 exd6 23. Nd2 Qc7 24. Bd1 Bg6 25. Bb3 Kg7 26. Rae1 Rfe8 27. g3 Re7 28. e4 dxe4 29. fxe4 Rae8 30. Kg2 c5 31. Bd5 Qd7 32. Bb3 Nc7 33. Bc2 Ne6 34. Bd3 c4 35. Bc2 Nd8 36. Rb1 1-0


[Site "https://www.chess.com"]

[Event "Titled Tuesday Blitz September 27 Early 2022"]
[White "Wachinger, Guenther"]
[Black "Meshkovs, Nikita"]
[WhiteFideId "4604261"]
[BlackFideId "11602740"]
[WhiteElo "2212"]
[BlackElo "2506"]
[Result "0-1"]
[Round "04"]
[TimeControl "180+1"]
[Date "2022.09.27"]
[WhiteClock "0:00:03"]
[BlackClock "0:00:15"]

1. e4 c5 2. Nf3 Nc6 3. Bb5 e6 4. Bxc6 bxc6 5. b3 Ne7 6. Bb2 Ng6 7. O-O f6 8. c4 Bd6 9. d4 cxd4 10. Nxd4 Be5 11. Nc3 O-O 12. g3 c5 13. Nde2 Bb7 14. f4 Bc7 15. Qd3 Bc6 16. Rad1 Qe8 17. Na4 f5 18. e5 Bb6 19. Ba3 Qc8 20. Nec3 Rd8 21. Qd6 Qb7 22. Nxc5 Bf3 23. Rd4 Bxc5 24. Bxc5 Rac8 25. Ba3 h5 26. Nb5 Bh1 27. Rf2 a6 28. Nc3 h4 29. Qb4 Qa8 30. Na4 Rb8 31. Qd6 Bc6 32. Nc5 Kf7 33. Nd3 hxg3 34. hxg3 Rh8 35. Rh2 Rxh2 36. Kxh2 Rh8+ 37. Kg1 Rh1+ 38. Kf2 Rh2+ 39. Ke3 Qh8 40. Nf2 Qh5 41. Qxd7+ Bxd7 42. Rxd7+ Kg8 43. Rd8+ Kh7 0-1


[Site "https://www.chess.com"]

[Event "Titled Tuesday Blitz September 27 Early 2022"]
[White "White, John S."]
[Black "Lahdelma, Henri"]
[WhiteFideId "2502348"]
[BlackFideId "510394"]
[WhiteElo "1902"]
[BlackElo "2210"]
[Result "0-1"]
[Round "04"]
[TimeControl "180+1"]
[Date "2022.09.27"]
[WhiteClock "0:01:03"]
[BlackClock "0:02:48"]

1. e4 e6 2. d3 d5 3. Nd2 Nf6 4. Ngf3 Nc6 5. g3 dxe4 6. dxe4 e5 7. Bg2 Bc5 8. O-O O-O 9. Qe2 a5 10. Nc4 Qe7 11. Bg5 b6 12. Rfd1 Ba6 13. a4 Rad8 14. Nfd2 Nd4 15. Qd3 h6 16. Bxf6 Qxf6 17. c3 Nb3 18. Qc2 Nxa1 19. Rxa1 Qxf2+ 20. Kh1 Bxc4 21. Rf1 Qxd2 22. Qxd2 Rxd2 0-1


[Site "https://www.chess.com"]

[Event "Titled Tuesday Blitz September 27 Early 2022"]
[White "Winkels, Marcel"]
[Black "Stanisz, Patryk"]
[WhiteFideId "1003887"]
[BlackFideId "1123106"]
[WhiteElo "1900"]
[BlackElo "1833"]
[Result "1-0"]
[Round "04"]
[TimeControl "180+1"]
[Date "2022.09.27"]
[WhiteClock "0:00:04"]
[BlackClock "0:00:03"]

1. d4 d5 2. Nc3 Nf6 3. Bf4 a6 4. e3 Bf5 5. Bd3 Bxd3 6. Qxd3 e6 7. Nge2 Bd6 8. O-O O-O 9. Bg3 Nc6 10. a3 Qe7 11. Nf4 Rad8 12. b4 Nb8 13. f3 c6 14. Nfe2 e5 15. Rad1 Nbd7 16. Na4 Rfe8 17. Nc5 Bxc5 18. bxc5 exd4 19. Nxd4 Qxe3+ 20. Qxe3 Rxe3 21. Nb3 Rc3 22. Bd6 Rxc2 23. Na5 Nxc5 24. Bxc5 Rxc5 25. Nxb7 Rc3 26. Nxd8 c5 27. Rc1 Rxa3 28. Rxc5 g6 29. Rc7 Nh5 30. Nxf7 Kg7 31. Ne5+ Kf6 32. Ng4+ Kg5 33. Rxh7 Ra2 34. Ne3 d4 35. Nd1 Nf4 36. g3 Ne2+ 37. Kh1 Nc3 38. Nxc3 dxc3 39. Rc1 c2 40. Rc7 a5 41. R7xc2 Ra3 42. Rc3 Ra2 43. R1c2 Ra1+ 44. Kg2 a4 45. Rc4 a3 46. Ra4 Kf5 47. Rc3 Ra2+ 48. Kh3 Re2 49. Rcxa3 g5 50. g4+ Kf6 51. Ra6+ Kf7 52. Rb3 Re7 53. Rbb6 Re8 54. Rf6+ Kg7 55. Rg6+ Kh7 56. Rxg5 Rf8 57. Rf5 Rb8 58. Rf7+ Kg8 59. Rd7 Rf8 60. Kg3 Re8 61. h4 Rc8 62. h5 Rf8 63. g5 Kh8 64. h6 Re8 65. g6 Rc8 66. Rh7+ Kg8 67. Rg7+ Kh8 68. Raa7 Rd8 69. Rh7+ Kg8 70. Rag7+ Kf8 71. Rh8# 1-0


[Site "https://www.chess.com"]

[Event "Titled Tuesday Blitz September 27 Early 2022"]
[White "Winterberg, Lukas"]
[Black "De Silva, L M S T"]
[WhiteFideId "24622702"]
[BlackFideId "9953698"]
[WhiteElo "2349"]
[BlackElo "1727"]
[Result "1-0"]
[Round "04"]
[TimeControl "180+1"]
[Date "2022.09.27"]
[WhiteClock "0:00:14"]
[BlackClock "0:00:01"]

1. Nf3 Nf6 2. b3 b6 3. Bb2 Bb7 4. g3 g6 5. Bg2 Bg7 6. O-O O-O 7. c4 e6 8. d4 d6 9. Qc2 Nbd7 10. Nbd2 Qe7 11. e4 c5 12. d5 e5 13. Ne1 Nh5 14. Nd3 f5 15. f4 exf4 16. Bxg7 Qxg7 17. gxf4 Ndf6 18. e5 Ng4 19. Rae1 Rae8 20. Nf3 g5 21. e6 gxf4 22. Kh1 Ne3 23. Qf2 Nxf1 24. Rxf1 Rf6 25. Nh4 Rh6 26. Nxf5 Ng3+ 27. Qxg3 fxg3 28. Nxg7 Kxg7 29. Rf7+ Kg8 30. Rxb7 Rxh2+ 31. Kg1 h5 32. Nf4 Rf8 33. e7 Re8 34. Be4 Rf2 35. Bg6 Rxe7 36. Rxe7 Rxf4 37. Bxh5 Rf2 38. Re2 Rf4 39. Kg2 Rd4 40. Kxg3 Kg7 41. Bf3 b5 42. Re4 Rd2 43. cxb5 Rxa2 44. Ra4 Rb2 45. Rxa7+ Kf6 46. Bd1 Rb1 47. b6 Rxb3+ 48. Bxb3 1-0


[Site "https://www.chess.com"]

[Event "Titled Tuesday Blitz September 27 Early 2022"]
[White "Wojtaszek, Radoslaw"]
[Black "Yilmaz, Mustafa"]
[WhiteFideId "1118358"]
[BlackFideId "6302718"]
[WhiteElo "2606"]
[BlackElo "2568"]
[Result "1-0"]
[Round "04"]
[TimeControl "180+1"]
[Date "2022.09.27"]
[WhiteClock "0:00:29"]
[BlackClock "0:00:15"]

1. e4 c5 2. Nc3 d6 3. Nf3 a6 4. g3 Bg4 5. Bg2 Nc6 6. h3 Bxf3 7. Bxf3 g6 8. a4 Bg7 9. Bg2 e6 10. d3 Nge7 11. O-O Rb8 12. f4 O-O 13. g4 f5 14. Ne2 b5 15. axb5 axb5 16. Ng3 Qd7 17. Kh2 b4 18. h4 Nd4 19. h5 b3 20. c3 Nc2 21. Ra6 Rbd8 22. Qf3 Qb5 23. Ra7 Nc8 24. Rxg7+ Kxg7 25. gxf5 exf5 26. exf5 Ne7 27. fxg6 hxg6 28. hxg6 Rh8+ 29. Kg1 c4 30. f5 Kg8 31. Bg5 Rd7 32. Qa8+ Kg7 33. Bf6+ Kxf6 34. Qxh8+ Kg5 35. Qh5+ Kf6 36. Ne4+ Kg7 37. f6+ 1-0


[Site "https://www.chess.com"]

[Event "Titled Tuesday Blitz September 27 Early 2022"]
[White "Xiong, Jeffery"]
[Black "Weetik, Vjacheslav"]
[WhiteFideId "2047640"]
[BlackFideId "4153472"]
[WhiteElo "2714"]
[BlackElo "2469"]
[Result "0-1"]
[Round "04"]
[TimeControl "180+1"]
[Date "2022.09.27"]
[WhiteClock "0:00:30"]
[BlackClock "0:00:07"]

1. c4 g6 2. d4 Bg7 3. e4 d6 4. Nc3 Nf6 5. Be2 O-O 6. Be3 e5 7. Nf3 exd4 8. Nxd4 Re8 9. Qc2 Nc6 10. Nxc6 bxc6 11. O-O Ng4 12. Bxg4 Bxg4 13. Rac1 Be6 14. b3 f5 15. Qd2 Qf6 16. Rfe1 Qf7 17. Bd4 Bf8 18. h3 c5 19. Be3 Bg7 20. Bh6 Be5 21. Bf4 Bg7 22. e5 g5 23. Bxg5 dxe5 24. Rcd1 c6 25. Na4 f4 26. Nxc5 Bf5 27. Qd6 Bf8 28. Qf6 Bxc5 29. Rxe5 Qxf6 30. Bxf6 Rxe5 31. Bxe5 f3 32. g4 Bg6 33. Rd7 Re8 34. Bd4 Bxd4 35. Rxd4 Re2 36. Rd6 Be4 37. a3 a5 38. b4 a4 39. Re6 Kf7 40. Re5 Kf6 41. Ra5 Bc2 42. Rc5 Be4 43. Ra5 Rc2 44. c5 Ke5 45. Rxa4 Kf4 46. Ra8 Rc1+ 47. Kh2 Rc2 48. Rf8+ Ke5 49. Kg3 Rc3 50. Re8+ Kd4 51. Kf4 Bd5 52. g5 Rxa3 53. h4 Ra2 54. Kg3 Ra1 55. h5 Rg1+ 56. Kf4 Rg2 57. g6 hxg6 58. h6 Rh2 59. Kg5 Kc4 60. Kxg6 Rxf2 61. h7 Rg2+ 62. Kf5 f2 63. h8=Q f1=Q+ 64. Ke5 Re2+ 65. Kd6 Rxe8 66. Qxe8 Kxb4 67. Qe3 Qf8+ 68. Kc7 Qxc5 69. Qd2+ Kc4 70. Qc2+ Kd4 71. Qf2+ Kc4 72. Qc2+ Kb5 73. Qb2+ Qb4 74. Qe2+ Ka5 75. Qe3 Qc4 76. Qa3+ Kb5 77. Qb2+ Ka4 78. Qa1+ Kb3 79. Qb1+ Kc3 80. Qc1+ Kd3 81. Qf1+ Ke4 82. Qe1+ Kf5 83. Qf2+ Qf4+ 0-1


[Site "https://www.chess.com"]

[Event "Titled Tuesday Blitz September 27 Early 2022"]
[White "Xu, Yi"]
[Black "Gabdrakhmanov, Azat"]
[WhiteFideId "8605564"]
[BlackFideId "34189197"]
[WhiteElo "2471"]
[BlackElo "2233"]
[Result "1-0"]
[Round "04"]
[TimeControl "180+1"]
[Date "2022.09.27"]
[WhiteClock "0:00:48"]
[BlackClock "0:00:13"]

1. Nf3 c5 2. e4 e6 3. d4 cxd4 4. Nxd4 a6 5. Bd3 Nf6 6. O-O d6 7. c4 Be7 8. Nc3 Nbd7 9. Qe2 O-O 10. f4 Re8 11. e5 dxe5 12. fxe5 Bc5 13. exf6 Bxd4+ 14. Kh1 Nxf6 15. Bg5 Qa5 16. Bxf6 Bxf6 17. Nd5 Qd8 18. Nxf6+ gxf6 19. Rad1 Qc7 20. Rxf6 e5 21. Qe4 Be6 22. Rdf1 Kf8 23. Qxh7 Rad8 24. Bg6 Rd7 25. Qh8+ Ke7 26. Rxe6+ fxe6 27. Qxe8+ Kd6 28. Rd1+ Kc6 29. Qxd7+ Qxd7 30. Rxd7 Kxd7 31. Be4 1-0


[Site "https://www.chess.com"]

[Event "Titled Tuesday Blitz September 27 Early 2022"]
[White "Yang, Ray"]
[Black "Alexikov, Alexander"]
[WhiteFideId "3220281"]
[BlackFideId "14103958"]
[WhiteElo "1796"]
[BlackElo "2222"]
[Result "0-1"]
[Round "04"]
[TimeControl "180+1"]
[Date "2022.09.27"]
[WhiteClock "0:00:23"]
[BlackClock "0:01:02"]

1. d4 Nf6 2. c4 g6 3. g3 Bg7 4. Bg2 c6 5. e4 d6 6. Nc3 O-O 7. Nf3 Qa5 8. O-O Qh5 9. Ng5 Bg4 10. f3 Bd7 11. e5 Ne8 12. f4 Qxd1 13. Rxd1 f6 14. Nf3 fxe5 15. dxe5 Bg4 16. Re1 Nd7 17. e6 Nc5 18. Ng5 Nc7 19. Be3 Nd3 20. Reb1 Nxb2 0-1


[Site "https://www.chess.com"]

[Event "Titled Tuesday Blitz September 27 Early 2022"]
[White "Zaksaite, Salomeja"]
[Black "Ribeiro, Matheus Mendes Domingues"]
[WhiteFideId "12801496"]
[BlackFideId "324226923"]
[WhiteElo "1953"]
[BlackElo "2047"]
[Result "0-1"]
[Round "04"]
[TimeControl "180+1"]
[Date "2022.09.27"]
[WhiteClock "0:00:01"]
[BlackClock "0:03:01"]

1. e4 c5 2. Nf3 e6 3. d4 cxd4 4. Nxd4 Nf6 5. Nc3 Nc6 6. Nxc6 bxc6 7. e5 Nd5 8. Ne4 Qc7 9. f4 Qb6 10. c4 Bb4+ 11. Bd2 Qe3+ 12. Qe2 Bxd2+ 13. Nxd2 Qxe2+ 14. Kxe2 Nxf4+ 15. Kf3 Ng6 16. Re1 O-O 17. h4 f6 18. h5 fxe5+ 19. Ke2 Nf4+ 0-1


[Site "https://www.chess.com"]

[Event "Titled Tuesday Blitz September 27 Early 2022"]
[White "Zanette, Edgard Vinicius"]
[Black "Matt, Fabian"]
[WhiteFideId "2109263"]
[BlackFideId "1623303"]
[WhiteElo "2182"]
[BlackElo "2287"]
[Result "1-0"]
[Round "04"]
[TimeControl "180+1"]
[Date "2022.09.27"]
[WhiteClock "0:02:19"]
[BlackClock "0:01:30"]

1. e4 e5 2. Nc3 Nc6 3. f4 exf4 4. Nf3 g5 5. Bc4 g4 6. O-O gxf3 7. Qxf3 Bc5+ 8. Kh1 Qe7 9. Nd5 Qd6 10. c3 Ne5 11. Qxf4 Nxc4 12. Qxf7+ Kd8 13. d4 Qe6 14. Bg5+ Be7 15. Qf8# 1-0


[Site "https://www.chess.com"]

[Event "Titled Tuesday Blitz September 27 Early 2022"]
[White "Zenin, Dmitry"]
[Black "Vargas, Mauricio"]
[WhiteFideId "4127897"]
[BlackFideId "4404572"]
[WhiteElo "2215"]
[BlackElo "2004"]
[Result "1-0"]
[Round "04"]
[TimeControl "180+1"]
[Date "2022.09.27"]
[WhiteClock "0:01:22"]
[BlackClock "0:01:05"]

1. d4 d5 2. c4 c6 3. cxd5 e6 4. dxc6 Nxc6 5. Nf3 b6 6. e4 Bb7 7. Nc3 a6 8. Be2 Rc8 9. O-O b5 10. Re1 Nf6 11. d5 Nb8 12. dxe6 fxe6 13. Qxd8+ Rxd8 14. Ng5 e5 15. Ne6 Rc8 16. f3 Bb4 17. Nxg7+ Kf7 18. Nf5 Rhg8 19. Nh6+ Ke6 20. Nxg8 Rxg8 21. Be3 Nh5 22. Rac1 Nf4 23. Bf1 Nd7 24. a3 Ba5 25. b4 Bd8 26. Red1 Be7 27. Bxf4 exf4 28. Nd5 Bd8 29. Nxf4+ Kf7 30. Rxd7+ 1-0


[Site "https://www.chess.com"]